 Dungeon Crawl Stone Soup version 0.26.0-18-gc5c842f807 (webtiles) character file.

Game seed: 11894474208258090492

332 thiole the Sneak (level 6, 0/36 HPs)
             Began as an Octopode Hedge Wizard on Jan 22, 2021.
             Was a Follower of Sif Muna.
             Killed by divine providence
             ... invoked by an orc priest
              (8 damage)
             ... on level 4 of the Dungeon.
             The game lasted 00:11:44 (6144 turns).

thiole the Sneak (Octopode Hedge Wizard)            Turns: 6144, Time: 00:11:44

Health: 0/36       AC:  1    Str:  9    XL:     6   Next: 52%
Magic:  8/12       EV: 12    Int: 18    God:    Sif Muna [*.....]
Gold:   198        SH:  5    Dex: 12    Spells: 5/13 levels left

rFire    . . .     SeeInvis .   a - +0 dagger
rCold    . . .     Faith    .   d - +2 buckler
rNeg     . . .     Spirit   .   b - +0 hat
rPois    +         Reflect  .   (no amulet)
rElec    .         Harm     .   k - ring of poison resistance
rCorr    .         Rampage  .   (no ring)
Will     .....                  (no ring)
Stlth    ++++......             (no ring)
HPRegen  0.12/turn              (no ring)
MPRegen  0.13/turn              (no ring)
                                (no ring)
                                (no ring)

@: no status effects
A: almost no armour, stealthy swim, amphibious, 8 rings, constrict 8, camouflage
1, gelatinous body 1
a: Renounce Religion, Channel Magic


You were on level 4 of the Dungeon.
You worshipped Sif Muna.
Sif Muna was aware of your devotion.
You visited 1 branch of the dungeon, and saw 5 of its levels.

You collected 198 gold pieces.

Inventory:

Hand Weapons
 a - a +0 dagger (weapon)
 p - a +1 dagger of flaming
Armour
 b - a +0 hat (worn)
 d - a +2 buckler (worn)
Jewellery
 k - a ring of poison resistance (left tentacle)
Wands
 n - a wand of digging (2)
Scrolls
 c - a scroll of amnesia {unknown}
 e - 3 scrolls of remove curse
 f - a scroll of blinking {unknown}
 i - 4 scrolls of magic mapping
 m - 4 scrolls of teleportation {unknown}
 o - a scroll of identify {unknown}
Potions
 l - a potion of flight {unknown}
 q - a potion of might {unknown}


   Skills:
 - Level 2.0 Dodging
 + Level 5.4 Stealth
 * Level 0.1 Shields
 + Level 4.2 Spellcasting
 - Level 2.0 Conjurations
 + Level 1.6 Hexes
 - Level 2.0 Summonings
 - Level 1.0 Translocations
 * Level 2.4 Air Magic


You had 5 spell levels left.
You knew the following spells:

 Your Spells              Type           Power        Failure   Level
a - Magic Dart            Conj           44%          11%         1
b - Call Imp              Summ           11%          16%         2
c - Slow                  Hex            9%           19%         2
d - Mephitic Cloud        Conj/Pois/Air  9%           36%         3

Your spell library contained the following spells:

 Spells                   Type           Power        Failure   Level
 Blink                    Tloc           N/A          24%         2
 Conjure Flame            Conj/Fire      7%           43%         3


Dungeon Overview and Level Annotations

Branches:
Dungeon (5/15)
 Temple: D:4-7

Altars:
Elyvilon
Sif Muna
The Shining One

Annotations:
D:4 Purgy


Innate Abilities, Weirdness & Mutations

You cannot wear most types of armour.
You are very stealthy in the water. (Stealth+)
You are amphibious.
You can wear up to eight rings at the same time.
You can use your tentacles to constrict eight enemies at once.
Your skin changes colour to match your surroundings (Stealth+).
Your rubbery body absorbs attacks. (AC +1, EV +1)


Message History

HP restored.
You climb upwards.
Level annotation: Purgy The orc priest calls down the wrath of Beogh upon you.
You barely resist.
There is a stone staircase leading down here.
Casting: Call Imp (safe; 16% risk of failure)
Confirm with . or Enter, or press ? or * to list all spells.
A beastly little devil appears in a puff of flame.
The orc priest invokes the aid of Beogh against you.
Pain shoots through your body!
Casting: Call Imp (safe; 16% risk of failure)
Confirm with . or Enter, or press ? or * to list all spells.
A beastly little devil appears in a puff of frigid air.
The orc priest calls down the wrath of Beogh upon you.
Beogh smites you!
* * * LOW HITPOINT WARNING * * *
The orc priest invokes the aid of Beogh against you.
Beogh smites you!
You die...

.## ##############.### # .# #.# #
.# #.# # .# #.# # .# #.# #
.################ #.# #
................# #.# #
###############5########5########
#5@...oo.........o.
##########55)....o. ########## #
#


You could see an orc priest, an orc, a friendly crimson imp (summoned) and a
friendly white imp (summoned).

Vanquished Creatures
  A scorpion (D:4)
  A centaur skeleton (D:4)
  A worker ant (D:4)
  2 gnolls
  6 adders
  2 oozes
  An adder skeleton (D:4)
  3 worms
  2 dart slugs
  5 leopard geckos
  3 orcs
  2 ball pythons
  5 giant cockroaches
  6 goblins
  4 hobgoblins (D:1)
  11 jackals
  3 quokkas
  9 bats
  4 frilled lizards
  11 kobolds
  A leopard gecko skeleton (D:4)
  8 rats
91 creatures vanquished.

Vanquished Creatures (collateral kills)
  An adder (D:3)
  5 gnolls
  A leopard gecko (D:3)
  3 orcs
  2 jackals (D:3)
  A quokka (D:4)
13 creatures vanquished.

Vanquished Creatures (others)
  A dart slug (D:1)
1 creature vanquished.

Grand Total: 105 creatures vanquished

Notes
Turn   | Place    | Note
-------+----------+-------------------------------------------
     0 | D:1      | thiole the Octopode Hedge Wizard began the quest for the
                  | Orb.
     0 | D:1      | Reached XP level 1. HP: 11/11 MP: 4/4
    89 | D:1      | Reached XP level 2. HP: 2/17 MP: 3/6
   465 | D:1      | Reached skill level 3 in Stealth
   728 | D:1      | Reached XP level 3. HP: 14/21 MP: 1/7
  1604 | D:2      | Noticed an ogre
  1701 | D:2      | Reached XP level 4. HP: 14/27 MP: 2/9
  2036 | D:2      | Reached skill level 4 in Stealth
  2203 | D:2      | Learned a level 2 spell: Call Imp
  2206 | D:2      | Learned a level 2 spell: Slow
  2210 | D:2      | Learned a level 3 spell: Mephitic Cloud
  2562 | D:2      | Found a white marble altar of Elyvilon.
  3272 | D:3      | Reached XP level 5. HP: 31/31 MP: 6/10
  3380 | D:3      | Found a shimmering blue altar of Sif Muna.
  3571 | D:3      | Became a worshipper of Sif Muna the Loreminder
  4410 | D:3      | Reached skill level 1 in Air Magic
  4686 | D:4      | Reached skill level 5 in Stealth
  4930 | D:4      | Noticed Purgy
  4944 | D:4      | Reached skill level 1 in Hexes
  5016 | D:4      | Reached XP level 6. HP: 7/36 MP: 12/12
  5314 | D:4      | Reached * piety under Sif Muna
  5781 | D:4      | Found a glowing golden altar of the Shining One.
  5943 | D:5      | Entered Level 5 of the Dungeon
  6144 | D:4      | Killed from afar by an orc priest

Illustrated notes

Levels and vault maps discovered:
D:1:      ncdulo_wetmaze, layout_rooms, lemuel_flame_loot_1
D:2:      layout_loops_ring, elyvilon_altar_4
D:3:      layout_loops_ring, lemuel_blue_sif_altar
D:4:      layout_loops_ring, tso_oasis_becter, uniq_crazy_yiuf_cottage,
          uniq_purgy
D:5:      layout_gridville, general_overflow_altar,
          minmay_misc_feat_four_crosses

Skill      XL: |  1  2  3  4  5  6 |
---------------+-------------------+-----
Stealth        | 3 4 5 |  5.4
Summonings     | 2 |  2.0
Conjurations   | 2 |  2.0
Air Magic      | 1 2 |  2.4
Spellcasting   | 4 |  4.2
Hexes          | 1 |  1.6
Dodging        | |  2.0
Shields        | |  0.1
Translocations | |  1.0

Action                   |  1- 3 |  4- 6 || total
-------------------------+-------+-------++-------
Melee: Dagger            |    49 |   113 ||   162
       Constrict         |    12 |    27 ||    39
       Tentacles         |     2 |    28 ||    30
 Cast: Magic Dart        |    76 |    68 ||   144
       Call Imp          |       |    32 ||    32
  Use: Scroll            |       |     2 ||     2
       Potion            |       |     4 ||     4
 Stab: Sleeping          |     1 |     5 ||     6
Armor: Skin              |     4 |     7 ||    11
Dodge: Dodged            |    24 |    68 ||    92
Block: Buckler           |       |     3 ||     3
